BR (22 & UNDER)
INDIAN HILLS VOODOO @ GRAND RAPIDS DUTCH OVENS
09/17/2028
 
TOP OF THE 1ST
Indian Hills Voodoo batting - Pitching for Grand Rapids Dutch Ovens : LHP Ernesto Sánchez
Pitching: LHP Ernesto Sánchez
Batting: SHB Cisco Oliva 0-0: Ball
1-0: Foul Ball, location: 2F
1-1: SINGLE (Groundball, 34D)
Batting: RHB Greg Williams Pickoff Throw to First - Error! E1
Cisco Oliva to second
0-0: Called Strike
0-1: Fly out, F8 (Flyball, 89M)
Batting: RHB António Nevárez 0-0: Called Strike
0-1: Ball
1-1: Ball
2-1: Fly out, F9 (Flyball, 9S)
Batting: LHB Juan Sánchez 0-0: Ball
1-0: SINGLE (Line Drive, 8RS)
Cisco Oliva to third
Runner from 3rd tries for Home, SAFE, no throw
Batting: RHB Randall James 0-0: Foul Ball, location: 2F
0-1: Ball
1-1: 2-RUN HOME RUN (Flyball, 7D), Distance : 365 ft
Batting: RHB Dave McGuire 0-0: Ball
1-0: Called Strike
1-1: SINGLE (Line Drive, 78S)
Batting: LHB Jorge Ortega 0-0: Ball
1-0: Swinging Strike
1-1: Ball
2-1: Called Strike
2-2: Foul Ball, location: 2F
2-2: Ball
3-2: Foul Ball, location: 2F
3-2: Strikes out swinging
Top of the 1st over - 3 run(s), 4 hit(s), 1 error(s), 1 left on base; Indian Hills 3 - Grand Rapids 0
BOTTOM OF THE 1ST
Grand Rapids Dutch Ovens batting - Pitching for Indian Hills Voodoo : LHP Juan Reyes
Pitching: LHP Juan Reyes
Batting: RHB José Wills 0-0: Ball
1-0: Called Strike
1-1: Swinging Strike
1-2: Ball
2-2: Foul Ball, location: 2F
2-2: Strikes out swinging
Batting: RHB António Aguilera 0-0: Hit by Pitch
Batting: LHB Brad Fuller 0-0: Called Strike
0-1: Called Strike
0-2: Reached on error, E6 (Groundball, 6)
António Aguilera to second
Batting: RHB Phil Poole 0-0: Foul Ball, location: 2F
0-1: Ball
1-1: Foul Ball, location: 2F
1-2: Ball
2-2: Fly out, F8 (Flyball, 89D)
Runner from 2nd tags up, SAFE at 3rd, no throw
Batting: RHB Ray Bray 0-0: Ball
1-0: Called Strike
1-1: Fielders Choice at 2nd, 4-6 (Groundball, 4)
Bottom of the 1st over - 0 run(s), 0 hit(s), 1 error(s), 1 left on base; Indian Hills 3 - Grand Rapids 0
TOP OF THE 2ND
Indian Hills Voodoo batting - Pitching for Grand Rapids Dutch Ovens : LHP Ernesto Sánchez
Batting: LHB José Castillo 0-0: Called Strike
0-1: Ball
1-1: Ball
2-1: Fly out, F2 (Popup, 23)
Batting: LHB Dave Wilkinson 0-0: Called Strike
0-1: SINGLE (Line Drive, 56)
Batting: SHB Cisco Oliva 0-0: Ball
Dave Wilkinson is caught stealing 2nd base
1-0: Swinging Strike
1-1: Swinging Strike
1-2: Strikes out swinging
Top of the 2nd over - 0 run(s), 1 hit(s), 0 error(s), 0 left on base; Indian Hills 3 - Grand Rapids 0
BOTTOM OF THE 2ND
Grand Rapids Dutch Ovens batting - Pitching for Indian Hills Voodoo : LHP Juan Reyes
Batting: RHB William Todd 0-0: Ball
1-0: Ball
2-0: Fly out, F7 (Flyball, 7LS)
Batting: LHB James Gibbons 0-0: Foul Ball, location: 2F
0-1: Foul Ball, location: 2F
0-2: Ball
1-2: Ball
2-2: Ground out 6-3 (Groundball, 6)
Batting: RHB Wosene Garane 0-0: Ball
1-0: Foul Ball, location: 2F
1-1: Reached on error, E6 (Groundball, 6)
Batting: SHB Joe Emery 0-0: Swinging Strike
0-1: Ball
1-1: Ball
2-1: Foul Ball, location: 2F
2-2: Foul Ball, location: 2F
2-2: Foul Ball, location: 2F
2-2: Strikes out looking
Bottom of the 2nd over - 0 run(s), 0 hit(s), 1 error(s), 1 left on base; Indian Hills 3 - Grand Rapids 0
TOP OF THE 3RD
Indian Hills Voodoo batting - Pitching for Grand Rapids Dutch Ovens : LHP Ernesto Sánchez
Batting: RHB Greg Williams 0-0: Ball
1-0: SINGLE (Groundball, 34D)
Batting: RHB António Nevárez 0-0: Ball
1-0: Grounds into double play, 5-4-3 (Groundball, 5)
Batting: LHB Juan Sánchez 0-0: Ball
1-0: Foul Ball, location: 2F
1-1: Ball
2-1: Ball
3-1: Base on Balls
Batting: RHB Randall James 0-0: Foul Ball, location: 2F
0-1: Foul Ball, location: 2F
0-2: Ball
1-2: Foul Ball, location: 2F
1-2: Ball
2-2: Foul Ball, location: 2F
2-2: Foul Ball, location: 2F
2-2: SINGLE (Line Drive, 8LS)
Juan Sánchez to second
Batting: RHB Dave McGuire 0-0: Ball
1-0: Ball
2-0: Ground out 1-3 (Groundball, 13)
Top of the 3rd over - 0 run(s), 2 hit(s), 0 error(s), 2 left on base; Indian Hills 3 - Grand Rapids 0
BOTTOM OF THE 3RD
Grand Rapids Dutch Ovens batting - Pitching for Indian Hills Voodoo : LHP Juan Reyes
Batting: RHB José Wills 0-0: Foul Ball, location: 2F
0-1: Ball
1-1: Foul Ball, location: 2F
1-2: Foul Ball, location: 2F
1-2: Strikes out swinging
Batting: RHB António Aguilera 0-0: Foul Ball, location: 2F
0-1: Called Strike
0-2: Ball
1-2: Strikes out looking
Batting: LHB Brad Fuller 0-0: Ball
1-0: Called Strike
1-1: Ground out 4-3 (Groundball, 4MD)
Bottom of the 3rd over - 0 run(s), 0 hit(s), 0 error(s), 0 left on base; Indian Hills 3 - Grand Rapids 0
TOP OF THE 4TH
Indian Hills Voodoo batting - Pitching for Grand Rapids Dutch Ovens : LHP Ernesto Sánchez
Batting: LHB Jorge Ortega 0-0: Called Strike
0-1: Ground out 4-3 (Groundball, 4S)
Batting: LHB José Castillo 0-0: Ball
1-0: Swinging Strike
1-1: Foul Ball, location: 2F
1-2: Ground out U3 (Groundball, 3L)
Batting: LHB Dave Wilkinson 0-0: Ball
1-0: Ball
2-0: SINGLE (Flyball, 78S)
Batting: SHB Cisco Oliva 0-0: Called Strike
Dave Wilkinson steals 2nd base
0-1: Ball
1-1: Ball
2-1: Fly out, F9 (Line Drive, 89S)
Top of the 4th over - 0 run(s), 1 hit(s), 0 error(s), 1 left on base; Indian Hills 3 - Grand Rapids 0
BOTTOM OF THE 4TH
Grand Rapids Dutch Ovens batting - Pitching for Indian Hills Voodoo : LHP Juan Reyes
Batting: RHB Phil Poole 0-0: Called Strike
0-1: Ball
1-1: Fly out, F8 (Flyball, 89M)
Batting: RHB Ray Bray 0-0: Fly out, F7 (Flyball, 7)
Batting: RHB William Todd 0-0: Ball
1-0: Called Strike
1-1: Ball
2-1: Ground out 5-3 (Groundball, 56)
Bottom of the 4th over - 0 run(s), 0 hit(s), 0 error(s), 0 left on base; Indian Hills 3 - Grand Rapids 0
TOP OF THE 5TH
Indian Hills Voodoo batting - Pitching for Grand Rapids Dutch Ovens : LHP Ernesto Sánchez
Batting: RHB Greg Williams 0-0: Ball
1-0: Called Strike
1-1: Ball
2-1: Ground out 5-3 (Groundball, 5)
Batting: RHB António Nevárez 0-0: Ball
1-0: SINGLE (Line Drive, 9S)
Batting: LHB Juan Sánchez 0-0: Swinging Strike
0-1: Ball
1-1: Grounds into double play, 4-6-3 (Groundball, 4)
Top of the 5th over - 0 run(s), 1 hit(s), 0 error(s), 0 left on base; Indian Hills 3 - Grand Rapids 0
BOTTOM OF THE 5TH
Grand Rapids Dutch Ovens batting - Pitching for Indian Hills Voodoo : LHP Juan Reyes
Batting: LHB James Gibbons 0-0: Called Strike
0-1: Fly out, F6 (Popup, 6D)
Batting: RHB Wosene Garane 0-0: Ball
1-0: Ball
2-0: Called Strike
2-1: Called Strike
2-2: Foul Ball, location: 2F
2-2: Ground out 4-3 (Groundball, 4)
Batting: SHB Joe Emery 0-0: Ball
1-0: Foul Ball, location: 2F
1-1: Foul Ball, location: 2F
1-2: Fly out, F8 (Flyball, 8LM)
Bottom of the 5th over - 0 run(s), 0 hit(s), 0 error(s), 0 left on base; Indian Hills 3 - Grand Rapids 0
TOP OF THE 6TH
Indian Hills Voodoo batting - Pitching for Grand Rapids Dutch Ovens : LHP Ernesto Sánchez
Batting: RHB Randall James 0-0: Called Strike
0-1: Ball
1-1: Foul Ball, location: 2F
1-2: SOLO HOME RUN (Flyball, 78XD), Distance : 426 ft
Batting: RHB Dave McGuire 0-0: Called Strike
0-1: Foul Ball, location: 2F
0-2: Strikes out swinging
Batting: LHB Jorge Ortega 0-0: Foul Ball, location: 2F
0-1: Ball
1-1: Ball
2-1: Ground out 4-3 (Groundball, 4)
Batting: LHB José Castillo 0-0: Ball
1-0: Foul Ball, location: 2F
1-1: DOUBLE (Line Drive, 8RD)
Batting: LHB Dave Wilkinson 0-0: SINGLE (Flyball, 89M)
José Castillo to third
Batting: SHB Cisco Oliva 0-0: Ball
1-0: Ball
2-0: TRIPLE (Flyball, 9)
José Castillo scores
Dave Wilkinson scores
Batting: RHB Greg Williams 0-0: Foul Ball, location: 2F
0-1: Ball
1-1: Ball
2-1: Called Strike
2-2: Foul Ball, location: 2F
2-2: Foul Ball, location: 2F
2-2: Fly out, F8 (Flyball, 8RD)
Top of the 6th over - 3 run(s), 4 hit(s), 0 error(s), 1 left on base; Indian Hills 6 - Grand Rapids 0
BOTTOM OF THE 6TH
Grand Rapids Dutch Ovens batting - Pitching for Indian Hills Voodoo : LHP Juan Reyes
Batting: RHB José Wills 0-0: Fly out, F5 (Line Drive, 5)
Batting: RHB António Aguilera 0-0: Ball
1-0: SINGLE (Line Drive, 8LS)
Batting: LHB Brad Fuller 0-0: Ball
1-0: Fly out, F5 (Line Drive, 56)
Batting: RHB Phil Poole 0-0: Called Strike
0-1: Ball
Wild Pitch!
António Aguilera to second
1-1: Foul Ball, location: 2F
1-2: Strikes out swinging
Bottom of the 6th over - 0 run(s), 1 hit(s), 0 error(s), 1 left on base; Indian Hills 6 - Grand Rapids 0
TOP OF THE 7TH
Indian Hills Voodoo batting - Pitching for Grand Rapids Dutch Ovens : LHP Ernesto Sánchez
Batting: RHB António Nevárez 0-0: Ball
1-0: Ball
2-0: Ground out 3-1 (Groundball, 34)
Batting: LHB Juan Sánchez 0-0: Called Strike
0-1: Swinging Strike
0-2: Strikes out looking
Batting: RHB Randall James 0-0: Ball
1-0: DOUBLE (Flyball, 78D)
Batting: RHB Dave McGuire 0-0: Ball
1-0: Ground out 5-3 (Groundball, 5)
Top of the 7th over - 0 run(s), 1 hit(s), 0 error(s), 1 left on base; Indian Hills 6 - Grand Rapids 0
BOTTOM OF THE 7TH
Grand Rapids Dutch Ovens batting - Pitching for Indian Hills Voodoo : LHP Juan Reyes
Batting: RHB Ray Bray 0-0: Ground out 4-3 (Groundball, 4M)
Batting: RHB William Todd 0-0: Ball
1-0: Called Strike
1-1: Ball
2-1: Ball
3-1: Foul Ball, location: 2F
3-2: Strikes out swinging
Batting: LHB James Gibbons 0-0: Called Strike
0-1: Ball
1-1: Ground out 6-3 (Groundball, 6M)
Bottom of the 7th over - 0 run(s), 0 hit(s), 0 error(s), 0 left on base; Indian Hills 6 - Grand Rapids 0
TOP OF THE 8TH
Indian Hills Voodoo batting - Pitching for Grand Rapids Dutch Ovens : LHP Ernesto Sánchez
Batting: LHB Jorge Ortega 0-0: Fly out, F6 (Line Drive, 6)
Batting: LHB José Castillo 0-0: Called Strike
0-1: Ground out 3-1 (Groundball, 34)
Batting: LHB Dave Wilkinson 0-0: Ground out U3 (Groundball, 3)
Top of the 8th over - 0 run(s), 0 hit(s), 0 error(s), 0 left on base; Indian Hills 6 - Grand Rapids 0
BOTTOM OF THE 8TH
Grand Rapids Dutch Ovens batting - Pitching for Indian Hills Voodoo : LHP Juan Reyes
Pitching: LHP Jared Steele
Now at 2B: Ricardo García
Batting: RHB Wosene Garane 0-0: Ball
1-0: Foul Ball, location: 2F
1-1: Ball
2-1: Called Strike
2-2: Ground out 4-3 (Groundball, 4)
Batting: SHB Joe Emery 0-0: Called Strike
0-1: Ball
1-1: Foul Ball, location: 2F
1-2: Ball
2-2: SOLO HOME RUN (Flyball, 7LD), Distance : 365 ft
Batting: RHB José Wills 0-0: Ball
1-0: Foul Ball, location: 2F
1-1: Called Strike
1-2: Fly out, F9 (Flyball, 9LS)
Batting: RHB António Aguilera 0-0: Called Strike
0-1: Ground out 5-3 (Groundball, 56S)
Bottom of the 8th over - 1 run(s), 1 hit(s), 0 error(s), 0 left on base; Indian Hills 6 - Grand Rapids 1
TOP OF THE 9TH
Indian Hills Voodoo batting - Pitching for Grand Rapids Dutch Ovens : LHP Ernesto Sánchez
Batting: SHB Cisco Oliva 0-0: Ball
1-0: Foul Ball, location: 2F
1-1: DOUBLE (Flyball, 7)
Batting: RHB Greg Williams 0-0: Ball
1-0: Ball
2-0: SINGLE (Line Drive, 89M)
Cisco Oliva to third
Batting: RHB António Nevárez 0-0: Foul Ball, location: 2F
0-1: Ball
1-1: Ball
2-1: SINGLE (Line Drive, 56)
Cisco Oliva scores
Greg Williams to second
Pitching: LHP Sancho Espinoza
Batting: LHB Juan Sánchez 0-0: Called Strike
0-1: Fly out, F8 (Flyball, 8RS)
Batting: RHB Randall James 0-0: Ball
1-0: Called Strike
1-1: Ball
2-1: Ball
3-1: Base on Balls
Greg Williams to third
António Nevárez to second
Pitching: RHP Jacob Edwards
Batting: RHB Ricardo García 0-0: Swinging Strike
0-1: Ball
1-1: SINGLE (Flyball, 78S)
Greg Williams scores
António Nevárez to third
Randall James to second
Runner from 3rd tries for Home, SAFE, throw made home
Batting: LHB Jorge Ortega 0-0: Ball
1-0: Ball
2-0: Called Strike
2-1: Fielders Choice at 2nd, 4-6 (Groundball, 4)
Randall James to third
Batting: LHB José Castillo 0-0: Fly out, F8 (Flyball, 8LM)
Top of the 9th over - 3 run(s), 4 hit(s), 0 error(s), 2 left on base; Indian Hills 9 - Grand Rapids 1
BOTTOM OF THE 9TH
Grand Rapids Dutch Ovens batting - Pitching for Indian Hills Voodoo : LHP Jared Steele
Batting: LHB Brad Fuller 0-0: Called Strike
0-1: Hit by Pitch
Batting: RHB Phil Poole 0-0: Ball
1-0: Grounds into double play, 5-4-3 (Groundball, 56)
Batting: RHB Ray Bray 0-0: Called Strike
0-1: Foul Ball, location: 2F
0-2: Ball
1-2: Strikes out swinging
Bottom of the 9th over - 0 run(s), 0 hit(s), 0 error(s), 0 left on base; Indian Hills 9 - Grand Rapids 1
Tuesday, August 8th, 2017 - OOTP Baseball 17.12 Build 75